 Dungeon Crawl Stone Soup version 0.29-a0-271-gd4eb659eea (webtiles) character file.

Game seed: 3108243735697725318

107 spaghetti the Skirmisher (level 4, 35/44 HPs)
             Began as a Deep Dwarf Chaos Knight on Mar 8, 2022.
             Was a Follower of Vehumet.
             Quit the game on level 4 of the Dungeon.
             The game lasted 00:04:14 (1682 turns).

spaghetti the Skirmisher (Deep Dwarf Chaos Knight)  Turns: 1682, Time: 00:04:15

Health: 35/44      AC:  7    Str: 17    XL:     4   Next: 56%
Magic:  5/5        EV: 11    Int: 13    God:    Vehumet [*.....]
Gold:   95         SH:  0    Dex: 12    Spells: 2/6 levels left

rFire   . . .      SeeInvis .   a - +0 hand axe (chaos) {axe}
rCold   . . .      Faith    .   (no shield)
rNeg    . . .      Spirit   .   b - +2 leather armour
rPois   +          Reflect  .   (no helmet)
rElec   .          Harm     .   (no cloak)
rCorr   .          Rampage  .   (no gloves)
Will    .....                   (no boots)
Stlth   +.........              (no amulet)
HPRegen 0.00/turn               (no ring)
MPRegen 0.09/turn               (no ring)

@: no status effects
A: damage resistance, heal wounds, sense surroundings 1, no regeneration,
iridescent scales 1, poison resistance
a: Heal Wounds, Renounce Religion


You were on level 4 of the Dungeon.
You worshipped Vehumet.
Vehumet was aware of your devotion.
You visited 1 branch of the dungeon, and saw 4 of its levels.

You collected 95 gold pieces.


Innate Abilities, Weirdness & Mutations

You are resistant to damage.
You can heal yourself by infusing magical energy.
You passively map a small area around you.
You do not regenerate.
You are partially covered in iridescent scales. (AC +2)
Your system is resistant to poisons. (rPois)


   Skills:
 - Level 4.1 Fighting
 - Level 3.2 Axes
 - Level 2.1 Armour
 - Level 1.1 Dodging
 + Level 1.9 Spellcasting
 + Level 0.4 Conjurations
 + Level 0.4 Fire Magic


You had 2 spell levels left.
You knew the following spells:

 Your Spells              Type           Power      Damage    Failure   Level
a - Sticky Flame          Conj/Fire      2%         2d3       95%         4

Your spell library contained the following spells:

 Spells                   Type           Power      Damage    Failure   Level
 Poisonous Vapours        Pois/Air       2%         N/A       43%         2
 Static Discharge         Conj/Air       1%         N/A       38%         2
 Dispel Undead            Necr           1%         3d6       97%         4

Inventory:

Hand Weapons
 a - a +0 hand axe of chaos (weapon) {axe}
Missiles
 f - 75 stones {throwing}
Armour
 b - a +2 leather armour (worn)
Jewellery
 h - a ring of positive energy
   (You found it on level 1 of the Dungeon)
Scrolls
 g - 2 scrolls of teleportation {@r4}
Miscellaneous
 c - a piece from Xom's chessboard (14/15) (quivered)

Dungeon Overview and Level Annotations

Branches:
Dungeon (4/15)
 Temple: D:4-7

Altars:
Cheibriados
Vehumet

Shops:
D:2 ?

Annotations:
D:3 Ijyb
D:4 Blork the orc

, , ,,, , ,..##+##......
** #............ ,, , ,
,#............ , * ,
#............ , ,
,,#...........# ,,
#...........# , ,
#...........# , *
*#....@......#
#.....###'#.....#.....#,
,
#.....#...#.....#.....#
,
#.....#...#.....#.....#
,
#.....#...#.....#.....#
#o....#...#.....#.....#
#.....#...'.....#..>..#
, ,
#.....+...#.....#.....#
, #...#.....'.....#


There were no monsters in sight!


Message History

You take 3 damage, and now have 23/44 hp.
You start waiting.
Done waiting.
Things that are here:
a +0 flail {mace}; an orc corpse You open the door.
There is an open door here.
Found an escape hatch in the ceiling.
You open the door.
A giant cockroach comes into view.
A giant cockroach is nearby!
A giant cockroach is nearby!
You are too injured to fight recklessly!
There is an open door here.
The giant cockroach bites you.
You hit the giant cockroach. You burn the giant cockroach.
The giant cockroach closely misses you. The giant cockroach barely misses you.
You hit the giant cockroach. You freeze the giant cockroach.
You kill the giant cockroach!
Vehumet accepts your kill.
Vehumet offers you knowledge of Poisonous Vapours.
Okay, then.
A hobgoblin comes into view.
The hobgoblin shouts!
A hobgoblin is nearby!
The hobgoblin hits you but does no damage.
You hit the hobgoblin.
You kill the hobgoblin!
Vehumet accepts your kill.
You open the door.
There is an open door here.
Found a stone staircase leading down.
Key pressed, stopping explore.
You open the door.
Found a snail-covered altar of Cheibriados.
You open the door.
Key pressed, stopping explore.
You are too injured to fight recklessly!
There is an open door here.
A goblin comes into view. It is wielding a +0 club.
A goblin is nearby!
A goblin is nearby!
You are too injured to fight recklessly!
You hit the goblin.
You kill the goblin!
Vehumet accepts your kill.
g - 3 scrolls of teleportation {@r4} (gained 1)
You see here a +0 club {mace}.
You now have 80 gold pieces (gained 15).
You open the door. 4 gnolls come into view.
A gnoll is wielding a +0 spear of flaming.
The gnoll shouts! x3
There are monsters nearby!
You barely miss the gnoll.
The gnoll shouts!
The gnoll closely misses you.
You completely miss the gnoll. The gnoll hits you with a +0 flail.
* * * LOW HITPOINT WARNING * * *
The gnoll closely misses you. 😨 HP[-2]
You take 2 damage, and now have 21/44 hp.
You hit the gnoll. You burn the gnoll. The gnoll hits you with a +0 flail!
* * * LOW HITPOINT WARNING * * *
The gnoll barely misses you. 😨 HP[-6]
You take 6 damage, and now have 15/44 hp.
The gnoll attacks as you move away! The gnoll hits you with a +0 flail.
* * * LOW HITPOINT WARNING * * *
😨 HP[-1]
You take 1 damage, and now have 14/44 hp.
You aren't carrying any potions.
Okay, then.
As you read the scroll of teleportation {@r4}, it crumbles to dust.
You feel strangely unstable. The gnoll closely misses you.
The gnoll hits you from afar with a +0 halberd.
Your surroundings suddenly seem different.
You aren't carrying any potions.
As you read the scroll labelled DURIRE HUCYR, it crumbles to dust.
You speak a Word of immense power!
It was a scroll of holy word.
Unknown command.
You now have enough gold to buy a scroll of enchant armour on D:2.
You can access your shopping list by pressing '$'.
You now have 95 gold pieces (gained 15).
As you open the door, it creaks loudly!
You hear a shout!
Found a stone staircase leading down.
There is an open door here.
You open the door.
There is an open door here.
There is an open door here.
f - 75 stones {throwing} (gained 20) Blork the orc comes into view.
He is wielding a +0 long sword.
Blork the orc shouts!
You hear a shout! x2
You fail to use your ability.
Your magical essence is drained by the effort!
You feel much better. 😕 HP[+21] MP[-1]
You regained 21 hp, and now have 35/44 hp.
Are you sure you want to abandon this character and quit the game? (Confirm with "yes".)

Skill      XL: |  1  2  3 |
---------------+----------+-----
Fighting       | 3 4 |  4.1
Spellcasting   | 1 |  1.9
Axes           | |  3.2
Armour         | |  2.1
Dodging        | |  1.1
Conjurations   | |  0.4
Fire Magic     | |  0.4

Action                   |  1- 3 |  4- 6 || total
-------------------------+-------+-------++-------
Melee: Hand axe          |    97 |    58 ||   155
       Punch             |       |     1 ||     1
 Abil: Heal Wounds       |       |     2 ||     2
Evoke: Piece from Xom's  |     2 |     1 ||     3
  Use: Potion            |     4 |     1 ||     5
       Scroll            |     3 |     3 ||     6
 Stab: Sleeping          |     1 |       ||     1
       Petrified         |       |    19 ||    19
       Petrifying        |       |     1 ||     1
Armor: Leather armour    |    41 |     9 ||    50
       Skin              |     3 |       ||     3
Dodge: Dodged            |    73 |    21 ||    94

Levels and vault maps discovered:
D:1:      psy_arrival_radial02, layout_loops_ring, st_stairs_11
D:2:      layout_basic, hellmonk_ecumenical_altar_dog_temple, serial_shops,
          shop, st_stairs_6, mrwooster_statue_mirror
D:3:      layout_basic, gammafunk_ghost_abyssal_escape, uniq_ijyb
D:4:      layout_gridville, lemuel_doored_altar, uniq_pikel, uniq_blork_the_orc

Notes
Turn   | Place    | Note
-------+----------+-------------------------------------------
     0 | D:1      | spaghetti the Deep Dwarf Chaos Knight began the quest for
                  | the Orb.
     0 | D:1      | Reached XP level 1. HP: 20/20 MP: 1/1
     0 | D:1      | magus.rc [v1.9.6]
    55 | D:1      | Reached skill level 3 in Fighting
    90 | D:1      | Reached XP level 2. HP: 25/28 MP: 2/2
   482 | D:1      | You pick up a book of Touch and begin reading...
   482 | D:1      | You add the spells Static Discharge, Sticky Flame and
                  | Dispel Undead to your library.
   629 | D:2      | Found Yddyewk's Magic Scroll Emporium.
   629 | D:2      | XOM: 3-stop teleportation journey
   680 | D:2      | Reached XP level 3. HP: 21/36 MP: 3/3
   692 | D:2      | Found a faded altar of an unknown god.
   695 | D:2      | Prayed at the altar of an unknown god.
   695 | D:2      | Fell from the grace of Xom
   695 | D:2      | Became a worshipper of Vehumet
   695 | D:2      | Reached * piety under Vehumet
   695 | D:2      | Offered knowledge of Freeze by Vehumet.
   768 | D:2      | Reached skill level 4 in Fighting
  1110 | D:2      | Reached skill level 1 in Spellcasting
  1116 | D:2      | Reached XP level 4. HP: 41/44 MP: 3/6
  1127 | D:2      | Learned a level 4 spell: Sticky Flame
  1226 | D:2      | XOM: give mutations
  1226 | D:2      | Gained mutation: You occasionally shout uncontrollably at
                  | your foes. [Xom's mischief]
  1390 | D:3      | Noticed Ijyb
  1417 | D:3      | Noticed Ijyb
  1417 | D:3      | Ijyb changed into Ijyb the glowing shapeshifter
  1417 | D:3      | Noticed Ijyb
  1417 | D:3      | Ijyb the glowing shapeshifter changed into Ijyb the water
                  | nymph
  1420 | D:3      | Lost mutation: You occasionally shout uncontrollably at
                  | your foes. [potion of mutation]
  1420 | D:3      | Gained mutation: Your system is resistant to poisons.
                  | (rPois) [potion of mutation]
  1420 | D:3      | Gained mutation: You are partially covered in iridescent
                  | scales. (AC +2) [potion of mutation]
  1421 | D:3      | Noticed Ijyb
  1421 | D:3      | Ijyb the water nymph changed into Ijyb the merfolk
  1576 | D:4      | Offered knowledge of Poisonous Vapours by Vehumet.
  1603 | D:4      | Found a snail-covered altar of Cheibriados.
  1676 | D:4      | Noticed Blork the orc
  1682 | D:4      | Quit the game

Vanquished Creatures
  4 gnolls (D:2)
  2 adders (D:2)
  2 dart slugs
  An orc (D:4)
  3 ball pythons (D:1)
  6 endoplasms
  2 giant cockroaches
  4 goblins
  5 hobgoblins
  4 jackals (D:2)
  4 bats
  4 frilled lizards
  3 rats
44 creatures vanquished.

Table legend:
 A = Non-vault XP
 B = Vault XP
 C = Vault XP percentage of total XP
 D = Non-vault monster count
 E = Vault monster count
 F = Vault count percentage of total count
                 A         B        C        D         E       F
            +---------+---------+-------+---------+---------+-------
      Total |     140 |      13 |   8.5 |      36 |       8 |  18.2
            +---------+---------+-------+---------+---------+-------
        D:1 |      18 |       4 |  18.2 |      10 |       3 |  23.1
        D:2 |     112 |       9 |   7.4 |      21 |       5 |  19.2
        D:3 |       1 |       0 |   0.0 |       1 |       0 |   0.0
        D:4 |       9 |       0 |   0.0 |       4 |       0 |   0.0
            +---------+---------+-------+---------+---------+-------

Illustrated notes

Table legend:
 A = Kills in this place as a percentage of kills in entire the game.
 B = Kills by you in this place as a percentage of kills by you in the entire game.
 C = Kills by friends in this place as a percentage of kills by friends in the entire game.
 D = Other kills in this place as a percentage of other kills in the entire game.
 E = Experience gained in this place as a percentage of experience gained in the entire game.
 F = Experience gained in this place divided by the number of levels of this place that you have seen.
                   A       B       C       D       E      F
               +-------+-------+-------+-------+-------+----------------------
         Total | 100.0 | 100.0 |   N/A | 100.0 | 100.0 |  38.2
       Dungeon | 100.0 | 100.0 |   N/A | 100.0 | 100.0 |  38.2
               +-------+-------+-------+-------+-------+----------------------

Table legend: (Time is in decaauts)
 A = Elapsed time spent in this place.
 B = Non-inter-level travel time spent in this place.
 C = Inter-level travel time spent in this place.
 D = Time resting spent in this place.
 E = Time spent auto-exploring this place.
 F = Levels seen in this place.
 G = Mean time per level.
                   A        B        C        D        E       F      G
               +--------+--------+--------+--------+--------+-----+--------+
         Total |   1710 |   1688 |     22 |    233 |   1086 |   4 |  427.5 |
       Dungeon |   1710 |   1688 |     22 |    233 |   1086 |   4 |  427.5 |
               +--------+--------+--------+--------+--------+-----+--------+

Top non-repeatable levels by time:
     D:2: 821 daAuts
     D:1: 580 daAuts
     D:4: 250 daAuts
     D:3: 58 daAuts
